WCHLSIM.com - West Coast Hockey League
Dernière mise à jour: 2025-12-07 16:11:59
html PUBLIC "-//W3C//DTD XHTML 1.0 Transitional//EN" "http://www.w3.org/TR/xhtml1/DTD/xhtml1-transitional.dtd"> WCHL - Game 781 - VICTORIA GLADIATORS vs LONG BEACH BARACUDAS

VICTORIA GLADIATORS vs LONG BEACH BARACUDAS

Created - 3 février 2025 at 15:41

Goals
1 2 3 T
VICTORIA GLADIATORS 2 1 3 6
LONG BEACH BARACUDAS 0 0 0 0
Shots
1 2 3 T
VICTORIA GLADIATORS 9 10 9 28
LONG BEACH BARACUDAS 8 8 13 29

1st period

1. VICTORIA GLADIATORS , Matt Duchene 13 (Mikael Granlund 31) at 10:59
2. VICTORIA GLADIATORS , Mikael Granlund 16 (Conor Garland 11, Jan Rutta 7) at 11:33

Penalties :
Alex Vlasic (LOB) for Slashing (Minor) at 1:47, Aleksander Barkov (LOB) for Hooking (Minor) at 6:05, Brandon Carlo (VIC) for Tripping (Minor) at 13:33

2nd period

3. VICTORIA GLADIATORS , Victor Hedman 12 (Conor Garland 12, Matt Duchene 29) at 0:52

Penalties :
Sam Reinhart (LOB) for Holding (Minor) at 1:50

3rd period

4. VICTORIA GLADIATORS , Mikael Granlund 17 (Victor Hedman 33, Conor Garland 13) at 3:47
5. VICTORIA GLADIATORS , Conor Garland 14 (Mikael Granlund 32) at 8:12 (PP)
6. VICTORIA GLADIATORS , Artemi Panarin 21 (Mark Scheifele 31, Cam Fowler 13) at 17:08 (PP)

Penalties :
Nikita Kucherov (LOB) for Hooking (Minor) at 0:16, Seth Jarvis (LOB) for Slashing (Minor) at 7:58, Mark Scheifele (VIC) for Slashing (Double Minor) at 10:13, Darren Raddysh (LOB) for High sticking (Minor) at 16:49

Goalie Stats

Charlie Lindgren (VIC), 29 saves from 29 shots - (1,000), W, 3-2-1, 60:00 minutes
Ukko-Pekka Luukkonen (LOB), 18 saves from 22 shots - (0,818), L, 31-8-3, 43:47 minutes
Pyotr Kochetkov (LOB), 4 saves from 6 shots - (0,667), 16:13 minutes

Players Stats for VICTORIA GLADIATORS

Player Name              G  A  P  +/- PIM S  H  SB GA TA FO     MP     PP MP  PK MP  
------------------------------------------------------------------------------------
Adam Lowry               0  0  0   0  0   0  0  0  0  0  10/15  11:51   0:00   3:19 
Artemi Panarin           1  0  1   0  0   1  1  0  0  0  1/1    20:57   4:06   0:38 
Brandon Carlo            0  0  0   0  2   1  3  2  0  0  0/0    19:24   0:39   2:25 
Brayden McNabb           0  0  0   0  0   0  4  0  0  0  0/0    19:57   0:00   2:49 
Cam Fowler               0  1  1   2  0   1  0  2  0  0  0/0    23:09   3:54   0:58 
Cole Smith               0  0  0   0  0   0  2  0  0  0  0/0     5:56   0:00   0:00 
Conor Garland            1  3  4   4  0   4  1  0  0  0  0/2    19:27   4:35   0:00 
David Pastrnak           0  0  0   0  0   1  0  0  0  0  0/1    20:19   4:06   0:00 
Jake Evans               0  0  0   0  0   2  1  0  0  0  0/2    11:51   0:00   3:19 
Jan Rutta                0  1  1   2  0   0  1  0  0  0  0/0    16:37   3:54   2:35 
Jordan Martinook         0  0  0   0  0   1  1  0  0  0  0/0    13:19   4:23   0:24 
Lars Eller               0  0  0   0  0   3  0  0  0  0  7/7     7:57   0:00   2:01 
Mark Scheifele           0  1  1   0  4   4  2  0  0  0  9/24   20:18   4:06   0:00 
Mason Appleton           0  0  0   0  0   2  1  1  0  0  0/1     7:57   0:00   2:01 
Matt Duchene             1  1  2   4  0   4  0  0  0  0  14/25  19:15   4:23   0:00 
Mikael Granlund          2  2  4   4  0   3  1  0  0  0  0/1    19:29   4:23   0:14 
Nick Seeler              0  0  0   2  0   0  2  0  0  0  0/0    13:18   0:00   2:23 
Victor Hedman            1  1  2   2  0   1  8  1  0  0  0/0    22:59   3:56   0:46 

Players Stats for LONG BEACH BARACUDAS

Player Name              G  A  P  +/- PIM S  H  SB GA TA FO     MP     PP MP  PK MP  
------------------------------------------------------------------------------------
Aleksander Barkov        0  0  0  -2  2   0  1  0  0  0  17/19  16:35   3:06   4:18 
Alex Vlasic              0  0  0  -2  2   1  1  1  0  0  0/0    20:07   2:52   2:29 
Andrew Cogliano          0  0  0  -1  0   0  0  0  0  0  1/1     7:47   0:00   5:16 
Anthony Cirelli          0  0  0  -1  0   0  0  0  0  0  2/4     5:26   0:00   2:55 
Anze Kopitar             0  0  0  -1  0   4  0  0  0  0  11/25  21:25   3:06   0:18 
Brendan Smith            0  0  0   0  0   0  1  0  0  0  0/0     3:23   0:00   0:00 
Calvin De Haan           0  0  0   0  0   0  0  0  0  0  0/0    11:31   0:00   1:25 
Darren Raddysh           0  0  0  -2  2   0  1  0  0  0  0/0    21:04   0:00   3:48 
Drew Doughty             0  0  0  -2  0   2  1  1  0  0  0/0    18:40   0:00   3:53 
Filip Hronek             0  0  0   0  0   0  1  1  0  0  0/0    18:07   0:00   4:38 
Jonathan Huberdeau       0  0  0  -1  0   0  0  0  0  0  1/2    19:17   0:00   1:16 
Kyle Connor              0  0  0  -2  0   3  1  1  0  0  0/2    15:13   3:06   2:55 
Nikita Kucherov          0  0  0  -1  2   1  1  0  0  0  0/1    20:52   2:52   0:00 
Ryan O'Reilly            0  0  0   0  0   4  0  0  0  0  5/16   18:41   2:52   0:00 
Sam Reinhart             0  0  0   0  2   4  1  0  0  0  0/2    18:40   2:52   0:00 
Seth Jarvis              0  0  0   0  2   5  2  0  0  0  1/4    18:40   2:52   0:00 
Valeri Nichushkin        0  0  0  -3  0   2  0  1  0  0  0/3    14:49   3:06   0:00 
Zachary Werenski         0  0  0  -2  0   3  0  1  0  0  0/0    21:08   3:06   0:45 

3 Stars

1 - Mikael Granlund (VIC)
2 - Conor Garland (VIC)
3 - Victor Hedman (VIC)

Power Play

VICTORIA GLADIATORS - 2 on 6 Attempt(s) - 33,33%
LONG BEACH BARACUDAS - 0 on 3 Attempt(s) - 0,00%

Penalty Kill

VICTORIA GLADIATORS - 3 on 3 Attempt(s) - 100,00% - Score 0 goal in Penalty Kill
LONG BEACH BARACUDAS - 4 on 6 Attempt(s) - 66,67% - Score 0 goal in Penalty Kill

Team Stat

VICTORIA GLADIATORS - Hits : 28 - Faceoff Wins : 41 - Blocked Shots : 6 - Penalty Minutes : 6
LONG BEACH BARACUDAS - Hits : 11 - Faceoff Wins : 38 - Blocked Shots : 6 - Penalty Minutes : 12

Official

Referees : Jim Curtin and Ian Walsh
Linesman : Kiel Murchison and Vaughan Rody

Game Notes

Pyotr Kochetkov enters game at 3:47 of 3rd period

Finance

Level 1 -- Attendance: 5784 (81,46%) -- Ticket Income 1 214 640 $
Level 2 -- Attendance: 5194 (87,66%) -- Ticket Income 675 220 $
Level 3 -- Attendance: 2912 (71,90%) -- Ticket Income 238 784 $
Level 4 -- Attendance: 5260 (80,00%) -- Ticket Income 289 300 $
Luxury Box -- Attendance: 1035 (76,67%) -- Ticket Income 336 375 $
Game was played at the MONSTER ENERGY CENTER.
Total Attendance: 20185 (80,74%)
Total Ticket Income: 2 754 319 $
Other Expense: 27 543 $
Total Income: 2 726 776 $

VICTORIA GLADIATORS

5 vs 5 Forward 
   Center                   Left Wing                Right Wing               Time % Phy DF OF 
 1 Mark Scheifele           Artemi Panarin           David Pastrnak           36     0   1  4  
 2 Matt Duchene             Conor Garland            Mikael Granlund          34     0   1  4  
 3 Adam Lowry               Jordan Martinook         Jake Evans               24     0   3  2  
 4 Lars Eller               Cole Smith               Mason Appleton           6      0   3  2  

5 vs 5 Defense 
   Defense                  Defense                                           Time % Phy DF OF 
 1 Victor Hedman            Cam Fowler                                        40     0   3  2  
 2 Brayden McNabb           Brandon Carlo                                     35     0   4  1  
 3 Jan Rutta                Nick Seeler                                       25     0   4  1  
 4 Brayden McNabb           Nick Seeler                                       0      0   3  2  

PowerPlay Forward 
   Center                   Left Wing                Right Wing               Time % Phy DF OF 
 1 Mark Scheifele           Artemi Panarin           David Pastrnak           55     0   1  4  
 2 Matt Duchene             Jordan Martinook         Mikael Granlund          45     0   1  4  

PowerPlay Defense
   Defense                  Defense                                           Time % Phy DF OF 
 1 Victor Hedman            Conor Garland                                     55     0   2  3  
 2 Jan Rutta                Cam Fowler                                        45     0   2  3  

Penalty Kill 4 Players Forward 
   Center                   Wing                     Time % Phy DF OF 
 1 Adam Lowry               Jake Evans               60     0   4  1  
 2 Lars Eller               Mason Appleton           40     0   4  1  

Penalty Kill 4 Players Defense
   Defense                  Defense                  Time % Phy DF OF 
 1 Brayden McNabb           Brandon Carlo            60     0   4  1  
 2 Jan Rutta                Nick Seeler              40     0   4  1  

Penalty Kill - 3 Players Forward 
   Forward                                           Time % Phy DF OF 
 1 Adam Lowry                                        55     0   5  0  
 2 Jake Evans                                        45     0   5  0  

Penalty Kill - 3 Players Defense
   Defense                  Defense                  Time % Phy DF OF 
 1 Brayden McNabb           Brandon Carlo            55     0   5  0  
 2 Victor Hedman            Cam Fowler               45     0   5  0  

4 vs 4 Forward 
   Center                   Wing                     Time % Phy DF OF 
 1 Mark Scheifele           Mikael Granlund          52     1   2  2  
 2 Matt Duchene             Artemi Panarin           48     1   2  2  

4 vs 4 Defense
   Defense                  Defense                  Time % Phy DF OF 
 1 Jan Rutta                Nick Seeler              52     1   2  2  
 2 Victor Hedman            Cam Fowler               48     1   2  2  

Last Minutes Offensive
   Center                   Left Wing                Right Wing               Defense                  Defense                  
   Mark Scheifele           Artemi Panarin           David Pastrnak           Cam Fowler               Brayden McNabb           

Last Minutes Defensive
   Center                   Left Wing                Right Wing               Defense                  Defense                  
   Adam Lowry               Jordan Martinook         Jake Evans               Brandon Carlo            Jan Rutta                

Goaltenders
Starting : Charlie Lindgren         
Backup : Jake Oettinger           

Extra Forwards
Normal : Artemi Panarin, Mikael Granlund, David Pastrnak - PP : Jake Evans, Adam Lowry - PK : Jordan Martinook
Extra Defensemen
Normal : Jan Rutta, Nick Seeler, Brayden McNabb - PP : Brandon Carlo - PK : Cam Fowler, Victor Hedman
Penalty Shots
Mikael Granlund, David Pastrnak, Artemi Panarin, Mark Scheifele, Matt Duchene
Custom OT Lines Forwards
Mikael Granlund, David Pastrnak, Artemi Panarin, Mark Scheifele, Matt Duchene, Adam Lowry, Jordan Martinook, Jake Evans, Mason Appleton, Conor Garland
Custom OT Lines Defensemen
Cam Fowler, Brayden McNabb, Brandon Carlo, Jan Rutta, Nick Seeler

Scratches
None

LONG BEACH BARACUDAS

5 vs 5 Forward 
   Center                   Left Wing                Right Wing               Time % Phy DF OF 
 1 Anze Kopitar             Jonathan Huberdeau       Nikita Kucherov          37     0   2  3  
 2 Ryan O'Reilly            Seth Jarvis              Sam Reinhart             33     0   2  3  
 3 Aleksander Barkov        Kyle Connor              Valeri Nichushkin        22     0   2  3  
 4 Anthony Cirelli          Andrew Cogliano          Valeri Nichushkin        8      0   2  3  

5 vs 5 Defense 
   Defense                  Defense                                           Time % Phy DF OF 
 1 Darren Raddysh           Zachary Werenski                                  40     0   4  1  
 2 Drew Doughty             Alex Vlasic                                       32     0   4  1  
 3 Filip Hronek             Calvin De Haan                                    20     0   4  1  
 4 Brendan Smith            Filip Hronek                                      8      0   3  2  

PowerPlay Forward 
   Center                   Left Wing                Right Wing               Time % Phy DF OF 
 1 Anze Kopitar             Kyle Connor              Valeri Nichushkin        55     0   1  4  
 2 Ryan O'Reilly            Seth Jarvis              Nikita Kucherov          45     0   1  4  

PowerPlay Defense
   Defense                  Defense                                           Time % Phy DF OF 
 1 Zachary Werenski         Aleksander Barkov                                 55     0   2  3  
 2 Alex Vlasic              Sam Reinhart                                      45     0   2  3  

Penalty Kill 4 Players Forward 
   Center                   Wing                     Time % Phy DF OF 
 1 Aleksander Barkov        Andrew Cogliano          55     0   3  2  
 2 Anthony Cirelli          Kyle Connor              45     0   4  1  

Penalty Kill 4 Players Defense
   Defense                  Defense                  Time % Phy DF OF 
 1 Drew Doughty             Filip Hronek             55     0   5  0  
 2 Darren Raddysh           Alex Vlasic              45     0   5  0  

Penalty Kill - 3 Players Forward 
   Forward                                           Time % Phy DF OF 
 1 Aleksander Barkov                                 55     0   4  1  
 2 Anthony Cirelli                                   45     0   4  1  

Penalty Kill - 3 Players Defense
   Defense                  Defense                  Time % Phy DF OF 
 1 Drew Doughty             Brendan Smith            55     0   5  0  
 2 Calvin De Haan           Darren Raddysh           45     0   5  0  

4 vs 4 Forward 
   Center                   Wing                     Time % Phy DF OF 
 1 Aleksander Barkov        Valeri Nichushkin        55     0   2  3  
 2 Anthony Cirelli          Jonathan Huberdeau       45     0   2  3  

4 vs 4 Defense
   Defense                  Defense                  Time % Phy DF OF 
 1 Calvin De Haan           Brendan Smith            55     0   3  2  
 2 Alex Vlasic              Darren Raddysh           45     0   3  2  

Last Minutes Offensive
   Center                   Left Wing                Right Wing               Defense                  Defense                  
   Anze Kopitar             Kyle Connor              Sam Reinhart             Drew Doughty             Zachary Werenski         

Last Minutes Defensive
   Center                   Left Wing                Right Wing               Defense                  Defense                  
   Aleksander Barkov        Seth Jarvis              Nikita Kucherov          Alex Vlasic              Zachary Werenski         

Goaltenders
Starting : Ukko-Pekka Luukkonen     
Backup : Pyotr Kochetkov          

Extra Forwards
Normal : Aleksander Barkov, Kyle Connor, Anthony Cirelli - PP : Anthony Cirelli, Aleksander Barkov - PK : Jonathan Huberdeau
Extra Defensemen
Normal : Filip Hronek, Alex Vlasic, Darren Raddysh - PP : Zachary Werenski - PK : Calvin De Haan, Alex Vlasic
Penalty Shots
Kyle Connor, Nikita Kucherov, Sam Reinhart, Aleksander Barkov, Anze Kopitar
Custom OT Lines Forwards
Kyle Connor, Anze Kopitar, Sam Reinhart, Ryan O'Reilly, Aleksander Barkov, Nikita Kucherov, Anthony Cirelli, Valeri Nichushkin, Seth Jarvis, Jonathan Huberdeau
Custom OT Lines Defensemen
Drew Doughty, Zachary Werenski, Filip Hronek, Alex Vlasic, Darren Raddysh

Scratches
Rafael Harvey-Pinard (Healthy)

% Time on Ice - VICTORIA GLADIATORS

Lines # - Real PCT - Wanted PCT - Time Play
Normal Forward
1 - 36% - 36% - 16:13
2 - 33% - 34% - 14:52
3 - 19% - 24% - 8:32
4 - 13% - 6% - 5:56
Normal Defense
1 - 40% - 40% - 18:17
2 - 36% - 35% - 16:21
3 - 22% - 25% - 10:08
4 - 2% - 0% - 0:47
PP Forward
1 - 48% - 55% - 4:06
2 - 52% - 45% - 4:23
PP Defense
1 - 54% - 55% - 4:35
2 - 46% - 45% - 3:54
PK Forward
1 - 66% - 60% - 3:57
2 - 34% - 40% - 2:01
PK Defense
1 - 60% - 60% - 3:35
2 - 40% - 40% - 2:23
PK3 Forward
1 - 0% - 55%
2 - 0% - 45%
PK3 Defense
1 - 0% - 55%
2 - 0% - 45%
44 Forward
1 - 0% - 52%
2 - 0% - 48%
44 Defense
1 - 0% - 52%
2 - 0% - 48%
Last Minute Offensive  - 0:00
Last Minute Defensive  - 0:00
Total
Forward - 60:00
Defense - 60:00

% Time on Ice - LONG BEACH BARACUDAS

Lines # - Real PCT - Wanted PCT - Time Play
Normal Forward
1 - 40% - 37% - 18:01
2 - 35% - 33% - 15:49
3 - 20% - 22% - 9:12
4 - 6% - 8% - 2:31
Normal Defense
1 - 38% - 40% - 17:17
2 - 32% - 32% - 14:47
3 - 22% - 20% - 10:06
4 - 7% - 8% - 3:23
PP Forward
1 - 52% - 55% - 3:06
2 - 48% - 45% - 2:52
PP Defense
1 - 52% - 55% - 3:06
2 - 48% - 45% - 2:52
PK Forward
1 - 66% - 55% - 5:34
2 - 34% - 45% - 2:55
PK Defense
1 - 55% - 55% - 4:38
2 - 45% - 45% - 3:51
PK3 Forward
1 - 0% - 55%
2 - 0% - 45%
PK3 Defense
1 - 0% - 55%
2 - 0% - 45%
44 Forward
1 - 0% - 55%
2 - 0% - 45%
44 Defense
1 - 0% - 55%
2 - 0% - 45%
Last Minute Offensive  - 0:00
Last Minute Defensive  - 0:00
Total
Forward - 60:00
Defense - 60:00

Play-by-Play

1st period


0:01 of 1st period - Jonathan Huberdeau wins face-off versus Mark Scheifele in neutral zone.
0:29 of 1st period - Shot by Anze Kopitar.
0:29 of 1st period - Shot Misses the Net.
0:31 of 1st period - Shot by Nikita Kucherov.
0:31 of 1st period - Shot Blocked by Cam Fowler.
0:33 of 1st period - Shot by Jonathan Huberdeau.
0:33 of 1st period - Shot Misses the Net.
1:25 of 1st period - Shot by Matt Duchene.
1:25 of 1st period - Stopped by Ukko-Pekka Luukkonen with a rebound.
1:47 of 1st period - Minor Penalty to Alex Vlasic for Slashing.
1:48 of 1st period - Matt Duchene wins face-off versus Aleksander Barkov in LONG BEACH BARACUDAS zone.
2:13 of 1st period - Mikael Granlund is hit by Filip Hronek and loses puck.
3:35 of 1st period - Shot by Cam Fowler.
3:35 of 1st period - Shot Blocked by Kyle Connor.
3:50 of 1st period - Kyle Connor is hit by Brayden McNabb and loses puck.
4:03 of 1st period - Shot by Lars Eller.
4:03 of 1st period - Deflect By Cole Smith.
4:03 of 1st period - Shot Misses the Net.
4:28 of 1st period - Mason Appleton is hit by Brendan Smith and loses puck.
5:08 of 1st period - Shot by Seth Jarvis.
5:08 of 1st period - Stopped by Charlie Lindgren without a rebound.
5:09 of 1st period - Aleksander Barkov wins face-off versus Mark Scheifele in VICTORIA GLADIATORS zone.
6:05 of 1st period - Minor Penalty to Aleksander Barkov for Hooking.
6:06 of 1st period - Matt Duchene wins face-off versus Jonathan Huberdeau in LONG BEACH BARACUDAS zone.
8:09 of 1st period - Shot by Lars Eller.
8:09 of 1st period - Stopped by Ukko-Pekka Luukkonen with a rebound.
8:23 of 1st period - Nick Seeler is hit by Seth Jarvis and loses puck.
8:31 of 1st period - Shot by Lars Eller.
8:31 of 1st period - Deflect By Mason Appleton.
8:31 of 1st period - Shot Misses the Net.
9:07 of 1st period - Shot by Victor Hedman.
9:07 of 1st period - Shot Misses the Net.
9:11 of 1st period - Shot by David Pastrnak.
9:11 of 1st period - Stopped by Ukko-Pekka Luukkonen without a rebound.
9:12 of 1st period - Aleksander Barkov wins face-off versus Conor Garland in LONG BEACH BARACUDAS zone.
9:12 of 1st period - Aleksander Barkov is hit by Conor Garland.
9:17 of 1st period - Kyle Connor is hit by Brayden McNabb and loses puck.
9:30 of 1st period - Shot by Valeri Nichushkin.
9:30 of 1st period - Stopped by Charlie Lindgren without a rebound.
9:31 of 1st period - Mark Scheifele wins face-off versus Anze Kopitar in VICTORIA GLADIATORS zone.
9:57 of 1st period - Anze Kopitar is hit by Victor Hedman and loses puck.
10:24 of 1st period - Anze Kopitar is hit by Mark Scheifele and loses puck.
10:33 of 1st period - Icing by Victor Hedman.
10:34 of 1st period - Mark Scheifele wins face-off versus Kyle Connor in VICTORIA GLADIATORS zone.
10:55 of 1st period - Shot by Mikael Granlund.
10:55 of 1st period - Shot Blocked by Alex Vlasic.
10:57 of 1st period - Shot by Mikael Granlund.
10:57 of 1st period - Shot Misses the Net.
10:59 of 1st period - Shot by Matt Duchene.
10:59 of 1st period - Goal by Matt Duchene - VICTORIA GLADIATORS : 1 - LONG BEACH BARACUDAS : 0.
11:00 of 1st period - Adam Lowry wins face-off versus Ryan O'Reilly in neutral zone.
11:16 of 1st period - Shot by Jake Evans.
11:16 of 1st period - Stopped by Ukko-Pekka Luukkonen without a rebound.
11:17 of 1st period - Anthony Cirelli wins face-off versus Conor Garland in LONG BEACH BARACUDAS zone.
11:19 of 1st period - Drew Doughty is hit by Nick Seeler.
11:31 of 1st period - Shot by Mikael Granlund.
11:31 of 1st period - Shot Misses the Net.
11:33 of 1st period - Shot by Mikael Granlund.
11:33 of 1st period - Goal by Mikael Granlund - VICTORIA GLADIATORS : 2 - LONG BEACH BARACUDAS : 0.
11:34 of 1st period - Anze Kopitar wins face-off versus Jake Evans in neutral zone.
11:53 of 1st period - Shot by Jake Evans.
11:53 of 1st period - Stopped by Ukko-Pekka Luukkonen without a rebound.
11:54 of 1st period - Matt Duchene wins face-off versus Ryan O'Reilly in LONG BEACH BARACUDAS zone.
12:05 of 1st period - Shot by Conor Garland.
12:05 of 1st period - Stopped by Ukko-Pekka Luukkonen with a rebound.
12:19 of 1st period - Shot by Seth Jarvis.
12:19 of 1st period - Shot Misses the Net.
12:21 of 1st period - Shot by Seth Jarvis.
12:21 of 1st period - Shot Misses the Net.
12:23 of 1st period - Shot by Sam Reinhart.
12:23 of 1st period - Stopped by Charlie Lindgren without a rebound.
12:24 of 1st period - Anze Kopitar wins face-off versus Adam Lowry in VICTORIA GLADIATORS zone.
12:26 of 1st period - Nikita Kucherov is hit by Brandon Carlo and loses puck.
12:46 of 1st period - Nikita Kucherov is hit by Brandon Carlo and loses puck.
13:11 of 1st period - Shot by Nikita Kucherov.
13:11 of 1st period - Shot Misses the Net.
13:24 of 1st period - Kyle Connor is hit by Brayden McNabb.
13:33 of 1st period - Minor Penalty to Brandon Carlo for Tripping.
13:34 of 1st period - Lars Eller wins face-off versus Seth Jarvis in VICTORIA GLADIATORS zone.
13:59 of 1st period - Sam Reinhart is hit by Mason Appleton and loses puck.
14:40 of 1st period - Shot by Anze Kopitar.
14:40 of 1st period - Stopped by Charlie Lindgren with a rebound.
15:38 of 1st period - Shot by Conor Garland.
15:38 of 1st period - Deflect By Matt Duchene.
15:38 of 1st period - Shot Hit the Post.
15:54 of 1st period - Shot by Matt Duchene.
15:54 of 1st period - Deflect By Mikael Granlund.
15:54 of 1st period - Shot Misses the Net.
16:18 of 1st period - Valeri Nichushkin is hit by Cole Smith and loses puck.
16:23 of 1st period - Shot by Lars Eller.
16:23 of 1st period - Shot Misses the Net.
16:38 of 1st period - Shot by Lars Eller.
16:38 of 1st period - Stopped by Ukko-Pekka Luukkonen without a rebound.
16:39 of 1st period - Ryan O'Reilly wins face-off versus Mark Scheifele in LONG BEACH BARACUDAS zone.
16:41 of 1st period - Icing by Sam Reinhart.
16:42 of 1st period - Seth Jarvis wins face-off versus Mark Scheifele in LONG BEACH BARACUDAS zone.
16:47 of 1st period - Shot by Drew Doughty.
16:47 of 1st period - Stopped by Charlie Lindgren with a rebound.
16:58 of 1st period - Sam Reinhart is hit by Victor Hedman and loses puck.
17:04 of 1st period - Seth Jarvis is hit by Victor Hedman and loses puck.
17:17 of 1st period - Shot by Sam Reinhart.
17:17 of 1st period - Stopped by Charlie Lindgren without a rebound.
17:18 of 1st period - Anze Kopitar wins face-off versus Matt Duchene in VICTORIA GLADIATORS zone.
17:46 of 1st period - Off-side.
17:47 of 1st period - Mark Scheifele wins face-off versus Ryan O'Reilly in neutral zone.
18:02 of 1st period - Shot by Ryan O'Reilly.
18:02 of 1st period - Shot Misses the Net.
18:04 of 1st period - Shot by Sam Reinhart.
18:04 of 1st period - Shot Blocked by Victor Hedman.
18:12 of 1st period - Shot by Ryan O'Reilly.
18:12 of 1st period - Shot Misses the Net.
18:57 of 1st period - Icing by Brandon Carlo.
18:58 of 1st period - Matt Duchene wins face-off versus Anze Kopitar in VICTORIA GLADIATORS zone.
19:33 of 1st period - Shot by Nikita Kucherov.
19:33 of 1st period - Deflect By Anze Kopitar.
19:33 of 1st period - Stopped by Charlie Lindgren without a rebound.
19:34 of 1st period - Aleksander Barkov wins face-off versus Jake Evans in VICTORIA GLADIATORS zone.
19:49 of 1st period - Shot by Kyle Connor.
19:49 of 1st period - Stopped by Charlie Lindgren without a rebound.
19:50 of 1st period - Anthony Cirelli wins face-off versus Mark Scheifele in VICTORIA GLADIATORS zone.
19:50 of 1st period - Anthony Cirelli is hit by Victor Hedman.
Goals for this period are 2 for VICTORIA GLADIATORS vs 0 for LONG BEACH BARACUDAS.
Shots for this period are 9 for VICTORIA GLADIATORS vs 8 for LONG BEACH BARACUDAS.

2nd period


0:01 of 2nd period - Anze Kopitar wins face-off versus Matt Duchene in neutral zone.
0:04 of 2nd period - Shot by Anze Kopitar.
0:04 of 2nd period - Stopped by Charlie Lindgren with a rebound.
0:06 of 2nd period - Shot by Zachary Werenski.
0:06 of 2nd period - Stopped by Charlie Lindgren without a rebound.
0:07 of 2nd period - Aleksander Barkov wins face-off versus Matt Duchene in VICTORIA GLADIATORS zone.
0:50 of 2nd period - Shot by Conor Garland.
0:50 of 2nd period - Shot Misses the Net.
0:52 of 2nd period - Shot by Victor Hedman.
0:52 of 2nd period - Goal by Victor Hedman - VICTORIA GLADIATORS : 3 - LONG BEACH BARACUDAS : 0.
0:53 of 2nd period - Adam Lowry wins face-off versus Anze Kopitar in neutral zone.
1:50 of 2nd period - Minor Penalty to Sam Reinhart for Holding.
1:51 of 2nd period - Aleksander Barkov wins face-off versus David Pastrnak in LONG BEACH BARACUDAS zone.
2:28 of 2nd period - Shot by Mark Scheifele.
2:28 of 2nd period - Stopped by Ukko-Pekka Luukkonen without a rebound.
2:29 of 2nd period - Matt Duchene wins face-off versus Anthony Cirelli in LONG BEACH BARACUDAS zone.
2:38 of 2nd period - Shot by Matt Duchene.
2:38 of 2nd period - Stopped by Ukko-Pekka Luukkonen with a rebound.
2:40 of 2nd period - Shot by Cam Fowler.
2:40 of 2nd period - Shot Misses the Net.
3:43 of 2nd period - Shot by David Pastrnak.
3:43 of 2nd period - Shot Blocked by Filip Hronek.
3:45 of 2nd period - Shot by Victor Hedman.
3:45 of 2nd period - Shot Misses the Net.
3:55 of 2nd period - Shot by Mason Appleton.
3:55 of 2nd period - Shot Misses the Net.
4:13 of 2nd period - Shot by Lars Eller.
4:13 of 2nd period - Shot Misses the Net.
4:15 of 2nd period - Shot by Lars Eller.
4:15 of 2nd period - Shot Misses the Net.
4:17 of 2nd period - Shot by Mason Appleton.
4:17 of 2nd period - Deflect By Lars Eller.
4:17 of 2nd period - Stopped by Ukko-Pekka Luukkonen with a rebound.
4:31 of 2nd period - Shot by Mason Appleton.
4:31 of 2nd period - Stopped by Ukko-Pekka Luukkonen without a rebound.
4:32 of 2nd period - Anze Kopitar wins face-off versus Matt Duchene in LONG BEACH BARACUDAS zone.
6:29 of 2nd period - Shot by Adam Lowry.
6:29 of 2nd period - Shot Blocked by Zachary Werenski.
6:37 of 2nd period - Shot by Jordan Martinook.
6:37 of 2nd period - Stopped by Ukko-Pekka Luukkonen with a rebound.
6:39 of 2nd period - Shot by Brandon Carlo.
6:39 of 2nd period - Stopped by Ukko-Pekka Luukkonen without a rebound.
6:40 of 2nd period - Lars Eller wins face-off versus Valeri Nichushkin in LONG BEACH BARACUDAS zone.
7:03 of 2nd period - Shot by Aleksander Barkov.
7:03 of 2nd period - Deflect By Valeri Nichushkin.
7:03 of 2nd period - Shot Misses the Net.
7:15 of 2nd period - Alex Vlasic is hit by Cole Smith and loses puck.
9:08 of 2nd period - Shot by Conor Garland.
9:08 of 2nd period - Shot Misses the Net.
9:12 of 2nd period - Shot by Conor Garland.
9:12 of 2nd period - Shot Misses the Net.
9:18 of 2nd period - Shot by Matt Duchene.
9:18 of 2nd period - Shot Misses the Net.
9:20 of 2nd period - Shot by Mikael Granlund.
9:20 of 2nd period - Deflect By Conor Garland.
9:20 of 2nd period - Stopped by Ukko-Pekka Luukkonen with a rebound.
9:22 of 2nd period - Shot by Mikael Granlund.
9:22 of 2nd period - Shot Blocked by Valeri Nichushkin.
9:24 of 2nd period - Shot by Mikael Granlund.
9:24 of 2nd period - Shot Blocked by Drew Doughty.
10:34 of 2nd period - Shot by Kyle Connor.
10:34 of 2nd period - Stopped by Charlie Lindgren without a rebound.
10:35 of 2nd period - Mark Scheifele wins face-off versus Sam Reinhart in VICTORIA GLADIATORS zone.
11:03 of 2nd period - Off-side.
11:04 of 2nd period - Aleksander Barkov wins face-off versus Matt Duchene in neutral zone.
11:26 of 2nd period - Shot by Aleksander Barkov.
11:26 of 2nd period - Shot Misses the Net.
11:58 of 2nd period - Icing by Jan Rutta.
11:59 of 2nd period - Matt Duchene wins face-off versus Anze Kopitar in VICTORIA GLADIATORS zone.
12:21 of 2nd period - Anze Kopitar is hit by Jan Rutta and loses puck.
12:30 of 2nd period - Shot by Nikita Kucherov.
12:30 of 2nd period - Shot Misses the Net.
12:49 of 2nd period - Icing by Nikita Kucherov.
12:50 of 2nd period - Mark Scheifele wins face-off versus Anze Kopitar in LONG BEACH BARACUDAS zone.
13:22 of 2nd period - Shot by Sam Reinhart.
13:22 of 2nd period - Shot Blocked by Cam Fowler.
13:42 of 2nd period - Shot by Seth Jarvis.
13:42 of 2nd period - Stopped by Charlie Lindgren without a rebound.
13:43 of 2nd period - Aleksander Barkov wins face-off versus Adam Lowry in VICTORIA GLADIATORS zone.
14:21 of 2nd period - Shot by Aleksander Barkov.
14:21 of 2nd period - Deflect By Valeri Nichushkin.
14:21 of 2nd period - Stopped by Charlie Lindgren without a rebound.
14:22 of 2nd period - Lars Eller wins face-off versus Ryan O'Reilly in VICTORIA GLADIATORS zone.
14:43 of 2nd period - Shot by Seth Jarvis.
14:43 of 2nd period - Stopped by Charlie Lindgren without a rebound.
14:44 of 2nd period - Anze Kopitar wins face-off versus Mark Scheifele in VICTORIA GLADIATORS zone.
15:19 of 2nd period - Shot by Mark Scheifele.
15:19 of 2nd period - Stopped by Ukko-Pekka Luukkonen without a rebound.
15:20 of 2nd period - Matt Duchene wins face-off versus Seth Jarvis in LONG BEACH BARACUDAS zone.
15:39 of 2nd period - Shot by Zachary Werenski.
15:39 of 2nd period - Shot Misses the Net.
15:42 of 2nd period - Icing by Victor Hedman.
15:43 of 2nd period - Aleksander Barkov wins face-off versus Matt Duchene in VICTORIA GLADIATORS zone.
15:47 of 2nd period - Icing by Victor Hedman.
15:48 of 2nd period - Matt Duchene wins face-off versus Seth Jarvis in VICTORIA GLADIATORS zone.
16:11 of 2nd period - Off-side.
16:12 of 2nd period - Anze Kopitar wins face-off versus Mark Scheifele in neutral zone.
16:23 of 2nd period - Shot by Nikita Kucherov.
16:23 of 2nd period - Shot Blocked by Brandon Carlo.
16:32 of 2nd period - Alex Vlasic is hit by Brayden McNabb.
17:00 of 2nd period - Shot by Anze Kopitar.
17:00 of 2nd period - Deflect By Nikita Kucherov.
17:00 of 2nd period - Stopped by Charlie Lindgren without a rebound.
17:01 of 2nd period - Ryan O'Reilly wins face-off versus Matt Duchene in VICTORIA GLADIATORS zone.
17:17 of 2nd period - Shot by Conor Garland.
17:17 of 2nd period - Stopped by Ukko-Pekka Luukkonen without a rebound.
17:18 of 2nd period - Aleksander Barkov wins face-off versus Adam Lowry in LONG BEACH BARACUDAS zone.
17:28 of 2nd period - Icing by Filip Hronek.
17:29 of 2nd period - Aleksander Barkov wins face-off versus Matt Duchene in LONG BEACH BARACUDAS zone.
18:00 of 2nd period - Off-side.
18:01 of 2nd period - Artemi Panarin wins face-off versus Ryan O'Reilly in neutral zone.
18:18 of 2nd period - Shot by David Pastrnak.
18:18 of 2nd period - Shot Misses the Net.
18:30 of 2nd period - Shot by Seth Jarvis.
18:30 of 2nd period - Shot Misses the Net.
18:46 of 2nd period - Shot by Zachary Werenski.
18:46 of 2nd period - Stopped by Charlie Lindgren with a rebound.
19:38 of 2nd period - Cam Fowler is hit by Drew Doughty and loses puck.
Goals for this period are 1 for VICTORIA GLADIATORS vs 0 for LONG BEACH BARACUDAS.
Shots for this period are 10 for VICTORIA GLADIATORS vs 8 for LONG BEACH BARACUDAS.
0:00 of 3rd period - Icing by Jonathan Huberdeau.

3rd period


0:01 of 3rd period - Anze Kopitar wins face-off versus Mark Scheifele in neutral zone.
0:16 of 3rd period - Minor Penalty to Nikita Kucherov for Hooking.
0:17 of 3rd period - Aleksander Barkov wins face-off versus Matt Duchene in LONG BEACH BARACUDAS zone.
0:34 of 3rd period - Shot by Mikael Granlund.
0:34 of 3rd period - Stopped by Ukko-Pekka Luukkonen without a rebound.
0:35 of 3rd period - Aleksander Barkov wins face-off versus Mark Scheifele in LONG BEACH BARACUDAS zone.
1:09 of 3rd period - Shot by Mark Scheifele.
1:09 of 3rd period - Shot Misses the Net.
1:11 of 3rd period - Shot by Cam Fowler.
1:11 of 3rd period - Stopped by Ukko-Pekka Luukkonen without a rebound.
1:12 of 3rd period - Matt Duchene wins face-off versus Kyle Connor in LONG BEACH BARACUDAS zone.
1:23 of 3rd period - Filip Hronek is hit by Jordan Martinook.
1:45 of 3rd period - Shot by Aleksander Barkov.
1:45 of 3rd period - Shot Misses the Net.
1:47 of 3rd period - Shot by Darren Raddysh.
1:47 of 3rd period - Shot Misses the Net.
1:49 of 3rd period - Shot by Alex Vlasic.
1:49 of 3rd period - Stopped by Charlie Lindgren without a rebound.
1:50 of 3rd period - Mark Scheifele wins face-off versus Anthony Cirelli in VICTORIA GLADIATORS zone.
2:35 of 3rd period - Shot by Seth Jarvis.
2:35 of 3rd period - Shot Misses the Net.
2:47 of 3rd period - Shot by Ryan O'Reilly.
2:47 of 3rd period - Shot Blocked by Brandon Carlo.
2:55 of 3rd period - Shot by Seth Jarvis.
2:55 of 3rd period - Stopped by Charlie Lindgren with a rebound.
3:10 of 3rd period - Icing by Brayden McNabb.
3:11 of 3rd period - Anze Kopitar wins face-off versus Mason Appleton in VICTORIA GLADIATORS zone.
3:11 of 3rd period - Anze Kopitar is hit by Brandon Carlo.
3:43 of 3rd period - Shot by Conor Garland.
3:43 of 3rd period - Shot Misses the Net.
3:45 of 3rd period - Shot by Victor Hedman.
3:45 of 3rd period - Shot Misses the Net.
3:47 of 3rd period - Shot by Mikael Granlund.
3:47 of 3rd period - Goal by Mikael Granlund - VICTORIA GLADIATORS : 4 - LONG BEACH BARACUDAS : 0.
3:47 of 3rd period - Pyotr Kochetkov enters game.
3:48 of 3rd period - Aleksander Barkov wins face-off versus Mark Scheifele in neutral zone.
4:16 of 3rd period - Artemi Panarin is hit by Alex Vlasic.
4:36 of 3rd period - Artemi Panarin is hit by Aleksander Barkov and loses puck.
5:04 of 3rd period - Off-side.
5:05 of 3rd period - Anze Kopitar wins face-off versus Adam Lowry in neutral zone.
5:16 of 3rd period - Icing by Brandon Carlo.
5:17 of 3rd period - Adam Lowry wins face-off versus Ryan O'Reilly in VICTORIA GLADIATORS zone.
5:24 of 3rd period - Shot by Ryan O'Reilly.
5:24 of 3rd period - Deflect By Seth Jarvis.
5:24 of 3rd period - Shot Misses the Net.
5:26 of 3rd period - Shot by Sam Reinhart.
5:26 of 3rd period - Shot Misses the Net.
5:46 of 3rd period - Shot by Ryan O'Reilly.
5:46 of 3rd period - Stopped by Charlie Lindgren without a rebound.
5:47 of 3rd period - Matt Duchene wins face-off versus Anze Kopitar in VICTORIA GLADIATORS zone.
6:10 of 3rd period - Shot by Matt Duchene.
6:10 of 3rd period - Stopped by Pyotr Kochetkov with a rebound.
6:19 of 3rd period - Icing by Victor Hedman.
6:20 of 3rd period - Ryan O'Reilly wins face-off versus Mikael Granlund in VICTORIA GLADIATORS zone.
6:32 of 3rd period - Off-side.
6:33 of 3rd period - Aleksander Barkov wins face-off versus Mark Scheifele in neutral zone.
7:02 of 3rd period - Icing by Brandon Carlo.
7:03 of 3rd period - Mark Scheifele wins face-off versus Nikita Kucherov in VICTORIA GLADIATORS zone.
7:03 of 3rd period - Mark Scheifele is hit by Nikita Kucherov.
7:58 of 3rd period - Minor Penalty to Seth Jarvis for Slashing.
7:59 of 3rd period - Andrew Cogliano wins face-off versus Matt Duchene in LONG BEACH BARACUDAS zone.
8:10 of 3rd period - Shot by Conor Garland.
8:10 of 3rd period - Shot Misses the Net.
8:12 of 3rd period - Shot by Conor Garland.
8:12 of 3rd period - Goal by Conor Garland - VICTORIA GLADIATORS : 5 - LONG BEACH BARACUDAS : 0.
8:13 of 3rd period - Lars Eller wins face-off versus Ryan O'Reilly in neutral zone.
8:43 of 3rd period - Shot by Sam Reinhart.
8:43 of 3rd period - Deflect By Ryan O'Reilly.
8:43 of 3rd period - Shot Misses the Net.
8:45 of 3rd period - Shot by Drew Doughty.
8:45 of 3rd period - Shot Misses the Net.
8:47 of 3rd period - Shot by Ryan O'Reilly.
8:47 of 3rd period - Deflect By Sam Reinhart.
8:47 of 3rd period - Shot Misses the Net.
8:49 of 3rd period - Shot by Drew Doughty.
8:49 of 3rd period - Deflect By Sam Reinhart.
8:49 of 3rd period - Shot Blocked by Mason Appleton.
8:51 of 3rd period - Shot by Drew Doughty.
8:51 of 3rd period - Stopped by Charlie Lindgren without a rebound.
8:52 of 3rd period - Matt Duchene wins face-off versus Anze Kopitar in VICTORIA GLADIATORS zone.
10:00 of 3rd period - Shot by Kyle Connor.
10:00 of 3rd period - Stopped by Charlie Lindgren without a rebound.
10:01 of 3rd period - Ryan O'Reilly wins face-off versus Mark Scheifele in VICTORIA GLADIATORS zone.
10:07 of 3rd period - Seth Jarvis is hit by Nick Seeler and loses puck.
10:13 of 3rd period - Double Minor Penalty to Mark Scheifele for Slashing.
10:14 of 3rd period - Adam Lowry wins face-off versus Anze Kopitar in VICTORIA GLADIATORS zone.
11:29 of 3rd period - Shot by Ryan O'Reilly.
11:29 of 3rd period - Stopped by Charlie Lindgren without a rebound.
11:30 of 3rd period - Adam Lowry wins face-off versus Ryan O'Reilly in VICTORIA GLADIATORS zone.
11:49 of 3rd period - Shot by Ryan O'Reilly.
11:49 of 3rd period - Stopped by Charlie Lindgren without a rebound.
11:50 of 3rd period - Lars Eller wins face-off versus Anze Kopitar in VICTORIA GLADIATORS zone.
11:50 of 3rd period - Lars Eller is hit by Kyle Connor.
11:57 of 3rd period - Icing by Aleksander Barkov.
11:58 of 3rd period - Adam Lowry wins face-off versus Valeri Nichushkin in LONG BEACH BARACUDAS zone.
12:19 of 3rd period - Shot by Kyle Connor.
12:19 of 3rd period - Shot Misses the Net.
12:21 of 3rd period - Shot by Anze Kopitar.
12:21 of 3rd period - Shot Misses the Net.
12:52 of 3rd period - Icing by Ryan O'Reilly.
12:53 of 3rd period - Ryan O'Reilly wins face-off versus Adam Lowry in LONG BEACH BARACUDAS zone.
12:58 of 3rd period - Shot by Seth Jarvis.
12:58 of 3rd period - Stopped by Charlie Lindgren without a rebound.
12:59 of 3rd period - Adam Lowry wins face-off versus Ryan O'Reilly in VICTORIA GLADIATORS zone.
13:30 of 3rd period - Shot by Ryan O'Reilly.
13:30 of 3rd period - Stopped by Charlie Lindgren with a rebound.
14:04 of 3rd period - Icing by Aleksander Barkov.
14:05 of 3rd period - Lars Eller wins face-off versus Anze Kopitar in LONG BEACH BARACUDAS zone.
14:06 of 3rd period - Shot by Mason Appleton.
14:06 of 3rd period - Stopped by Pyotr Kochetkov without a rebound.
14:07 of 3rd period - Lars Eller wins face-off versus Anze Kopitar in LONG BEACH BARACUDAS zone.
14:22 of 3rd period - Icing by Artemi Panarin.
14:23 of 3rd period - Anze Kopitar wins face-off versus Mark Scheifele in VICTORIA GLADIATORS zone.
14:23 of 3rd period - Zachary Werenski is hit by Victor Hedman and loses puck.
14:51 of 3rd period - Shot by Zachary Werenski.
14:51 of 3rd period - Stopped by Charlie Lindgren without a rebound.
14:52 of 3rd period - Matt Duchene wins face-off versus Ryan O'Reilly in VICTORIA GLADIATORS zone.
14:52 of 3rd period - Matt Duchene is hit by Sam Reinhart.
15:54 of 3rd period - Shot by Mark Scheifele.
15:54 of 3rd period - Stopped by Pyotr Kochetkov without a rebound.
15:55 of 3rd period - Adam Lowry wins face-off versus Anze Kopitar in LONG BEACH BARACUDAS zone.
16:08 of 3rd period - Jonathan Huberdeau is hit by Jake Evans and loses puck.
16:19 of 3rd period - Shot by Anze Kopitar.
16:19 of 3rd period - Stopped by Charlie Lindgren without a rebound.
16:20 of 3rd period - Mark Scheifele wins face-off versus Valeri Nichushkin in VICTORIA GLADIATORS zone.
16:33 of 3rd period - Shot by Mark Scheifele.
16:33 of 3rd period - Stopped by Pyotr Kochetkov without a rebound.
16:34 of 3rd period - Matt Duchene wins face-off versus Anze Kopitar in LONG BEACH BARACUDAS zone.
16:44 of 3rd period - Mikael Granlund is hit by Darren Raddysh.
16:49 of 3rd period - Minor Penalty to Darren Raddysh for High sticking.
16:50 of 3rd period - Aleksander Barkov wins face-off versus Mark Scheifele in LONG BEACH BARACUDAS zone.
16:56 of 3rd period - Icing by Cam Fowler.
16:57 of 3rd period - Aleksander Barkov wins face-off versus Mark Scheifele in VICTORIA GLADIATORS zone.
17:08 of 3rd period - Shot by Artemi Panarin.
17:08 of 3rd period - Goal by Artemi Panarin - VICTORIA GLADIATORS : 6 - LONG BEACH BARACUDAS : 0.
17:09 of 3rd period - Adam Lowry wins face-off versus Ryan O'Reilly in neutral zone.
17:19 of 3rd period - Shot by Sam Reinhart.
17:19 of 3rd period - Stopped by Charlie Lindgren without a rebound.
17:20 of 3rd period - Mark Scheifele wins face-off versus Anze Kopitar in VICTORIA GLADIATORS zone.
17:49 of 3rd period - Nikita Kucherov is hit by Victor Hedman.
17:54 of 3rd period - Anze Kopitar is hit by Victor Hedman and loses puck.
18:23 of 3rd period - Ryan O'Reilly is hit by Mark Scheifele and loses puck.
18:27 of 3rd period - Sam Reinhart is hit by Artemi Panarin and loses puck.
18:33 of 3rd period - Zachary Werenski is hit by Victor Hedman and loses puck.
18:42 of 3rd period - Shot by Sam Reinhart.
18:42 of 3rd period - Shot Misses the Net.
18:44 of 3rd period - Shot by Ryan O'Reilly.
18:44 of 3rd period - Shot Misses the Net.
18:46 of 3rd period - Shot by Sam Reinhart.
18:46 of 3rd period - Stopped by Charlie Lindgren without a rebound.
18:47 of 3rd period - Adam Lowry wins face-off versus Aleksander Barkov in VICTORIA GLADIATORS zone.
19:13 of 3rd period - Icing by Calvin De Haan.
19:14 of 3rd period - Aleksander Barkov wins face-off versus Matt Duchene in LONG BEACH BARACUDAS zone.
19:14 of 3rd period - Aleksander Barkov is hit by Mikael Granlund.
19:23 of 3rd period - Off-side.
19:24 of 3rd period - Matt Duchene wins face-off versus Sam Reinhart in neutral zone.
19:37 of 3rd period - Brandon Carlo is hit by Seth Jarvis and loses puck.
Goals for this period are 3 for VICTORIA GLADIATORS vs 0 for LONG BEACH BARACUDAS.
Shots for this period are 9 for VICTORIA GLADIATORS vs 13 for LONG BEACH BARACUDAS.


MATTHEW
TKACHUK
TOM
WILSON
JAKE
GUENTZEL